 Dungeon Crawl Stone Soup version 0.29-a0-1019-g84f7d21838 (webtiles) character file.

Game seed: 15116477369263662422

15 IdlyInterested the Cutter (level 2, -5/22 HPs)
             Began as a Demonspawn Gladiator on Aug 10, 2022.
             Constricted to death by Sigmund (6 damage)
             ... on level 2 of the Dungeon.
             The game lasted 00:02:21 (986 turns).

IdlyInterested the Cutter (Demonspawn Gladiator)     Turns: 986, Time: 00:02:22

Health: -5/22      AC:  4    Str: 14    XL:     2   Next: 34%
Magic:  2/2        EV:  9    Int:  9    God:
Gold:   6          SH:  0    Dex: 16    Spells: 1/1 levels left

rFire   . . .      SeeInvis .   k - +1 short sword (venom)
rCold   . . .      Faith    .   (no shield)
rNeg    . . .      Spirit   .   b - +0 leather armour
rPois   .          Reflect  .   c - +0 helmet
rElec   .          Harm     .   (no cloak)
rCorr   .          Rampage  .   (no gloves)
Will    .....                   (no boots)
Stlth   ++........              (no amulet)
HPRegen 0.07/turn               (no ring)
MPRegen 0.08/turn               (no ring)

@: confused, grasped by roots, constricted
A: thin skeletal structure 1
a: no special abilities


You were on level 2 of the Dungeon.
You visited 1 branch of the dungeon, and saw 2 of its levels.

You collected 75 gold pieces.
You spent 69 gold pieces at shops.

Inventory:

Hand Weapons
 a - a +0 rapier
 k - a +1 short sword of venom (weapon)
Missiles
 d - a throwing net (quivered)
 e - a javelin
Armour
 b - a +0 leather armour (worn)
 c - a +0 helmet (worn)
Scrolls
 f - 2 scrolls of blinking {unknown}
 h - a scroll of enchant weapon {unknown}
 i - a scroll of vulnerability {unknown}
Potions
 g - 2 potions of curing {unknown}
 j - a potion of attraction {unknown}
 l - 2 potions of degeneration {unknown}
 m - a potion of lignification {unknown}


   Skills:
 - Level 2.0 Fighting
 * Level 3.2 Short Blades
 - Level 1.7 Throwing
 - Level 2.6 Dodging
 + Level 1.0 Stealth


You had one spell level left.
You didn't know any spells.
Your spell library was empty.

Dungeon Overview and Level Annotations

Branches:
Dungeon (2/15)

Altars:

Shops:
D:1 *

Annotations:
D:2 Sigmund


Innate Abilities, Weirdness & Mutations

You have a somewhat thin skeletal structure. (Dex +2, Stealth+)


Message History

You climb downwards.
Found a gold piece.
There is a stone staircase leading up here.
Sigmund shouts!
Sigmund casts a spell at you.
You are confused.
In your confused state, you trip and fall back down the stairs.
You bump into the rock wall.
You bump into the rock wall.
Sigmund points at you and mumbles some strange words.
You resist with significant effort.
You feel less confused.
Sigmund zaps a wand.
The roots erupt in riotous growth!
The grasping roots grab you! The grasping roots constrict you.
You hear an angry hiss.
You escape the roots grasp.
Sigmund barely misses you.
A ball python comes into view.
Sigmund zaps a wand.
The roots erupt in riotous growth!
The grasping roots grab you!
Sigmund is unaffected.
The grasping roots constrict you.
Throw: 3 throwing nets
Press: ? - help, Shift-Dir - straight line, f - Sigmund
Aim: Sigmund, wielding a +0 scythe, wearing a +0 robe and carrying a wand of roots (8) (57% to hit)
You throw a throwing net. The throwing net barely misses Sigmund.
An endoplasm comes into view.
Sigmund points at you and mumbles some strange words.
The puff of flame hits you!
* * * LOW HITPOINT WARNING * * *
The grasping roots constrict you.
* * * LOW HITPOINT WARNING * * *
Throw: 2 throwing nets
Press: ? - help, Shift-Dir - straight line, f/p - Sigmund
Aim: Sigmund, wielding a +0 scythe, wearing a +0 robe and carrying a wand of roots (8) (57% to hit)
You throw a throwing net. The throwing net hits Sigmund.
Sigmund is caught in the net!
Sigmund points at you and mumbles some strange words.
You are confused.
The grasping roots constrict you.
You die...

#
####.#.##
#<@S....$
#@##.##.#
#.# #.#
#J#
#.......#
###...###
......
..#.#
.....


You could see Sigmund (caught), an endoplasm and a ball python.

Vanquished Creatures
  A ball python (D:1)
  2 bats (D:1)
  2 hobgoblins (D:1)
  A kobold (D:1)
  4 quokkas (D:1)
  A frilled lizard (D:1)
  A rat (D:2)
12 creatures vanquished.

Notes
Turn   | Place    | Note
-------+----------+-------------------------------------------
     0 | D:1      | IdlyInterested the Demonspawn Gladiator began the quest for
                  | the Orb.
     0 | D:1      | Reached XP level 1. HP: 16/16 MP: 1/1
   399 | D:1      | Reached skill level 3 in Short Blades
   600 | D:1      | Gained mutation: You have a somewhat thin skeletal
                  | structure. (Dex +2, Stealth+) [demonic ancestry]
   600 | D:1      | Reached XP level 2. HP: 22/22 MP: 2/2
   636 | D:1      | Found Zuoloh's Assorted Antiques.
   882 | D:1      | Bought a fuming amethyst potion for 23 gold pieces
   882 | D:1      | Bought a yellow potion for 23 gold pieces
   882 | D:1      | Bought a viscous yellow potion for 23 gold pieces
   929 | D:2      | Reached skill level 1 in Stealth
   973 | D:2      | Noticed Sigmund
   985 | D:2      | HP: 1/22 [constriction (4)]
   986 | D:2      | Constricted to death by Sigmund

Illustrated notes

Levels and vault maps discovered:
D:1:      dpeg_chamrin_arrival_tetris, layout_basic, serial_shops,
          nicolae_shop_advertising_works [nicolae_subvault_shop_adworks],
          minmay_indecisive_spiral
D:2:      layout_loops_cross, hellmonk_ecumenical_altar_watching_god,
          uniq_sigmund

Skill      XL: |  1  2 |
---------------+-------+-----
Short Blades   | 3 |  3.2
Stealth        | 1 |  1.0
Fighting       | |  2.0
Throwing       | |  1.7
Dodging        | |  2.6

Action                   || total
-------------------------++-------
Melee: Rapier            ||    24
       Short sword       ||     8
Throw: Throwing net      ||     2
 Stab: Sleeping          ||     3
Armor: Leather armour    ||     7
Dodge: Dodged            ||    21

Table legend: (Time is in decaauts)
 A = Elapsed time spent in this place.
 B = Non-inter-level travel time spent in this place.
 C = Inter-level travel time spent in this place.
 D = Time resting spent in this place.
 E = Time spent auto-exploring this place.
 F = Levels seen in this place.
 G = Mean time per level.
                   A        B        C        D        E       F      G
               +--------+--------+--------+--------+--------+-----+--------+
         Total |    986 |    845 |    141 |     71 |    638 |   2 |  493.0 |
       Dungeon |    986 |    845 |    141 |     71 |    638 |   2 |  493.0 |
               +--------+--------+--------+--------+--------+-----+--------+

Top non-repeatable levels by time:
     D:1: 961 daAuts
     D:2: 25 daAuts
